 Dungeon Crawl Stone Soup version 0.32-a0-913-g739538afd8 (webtiles) character file.

Game seed: 6640533724378797140

285749 PaleRider the Warrior (level 18, -7/157 (170) HPs)
             Began as a Ghoul Monk on Apr 7, 2024.
             Was the Champion of Ru.
             Mangled by a spatial vortex (18 damage)
             ... summoned by a spatial maelstrom
             ... on level 3 of the Abyss.
             The game lasted 02:14:23 (53831 turns).

PaleRider the Warrior (Ghoul Monk)                 Turns: 53831, Time: 02:14:24

HP:   -7/157 (170)  AC: 33    Str: 27    XL:     18   Next: 62%
MP:   23/26         EV: 14    Int:  9    God:    Ru [******]
Gold: 2126          SH:  0    Dex: 17    Spells: 16/17 levels left

rFire   + .          .
                       - Unarmed
rCold   + . .        c - orb {light}
rNeg    + + +        n - +8 plate armour of Aza Tirph {rPois rF+ rN+}
rPois   ∞            x - +1 helmet
rElec   .            V - +1 cloak {rPois}
rCorr   .            (no gloves)
SInv    .            K - +2 pair of boots
Will    +....        y - amulet of regeneration Stlth
                     l - ring of Hehior {Fly Str+4 Stlth+}
HPRegen 0.00/turn    E - ring "Hiaxzu" {*Slow rN+ Dex+6 Slay+5}
MPRegen 0.20/turn

%: slow self (1%)
@: flying, inhibited regen, hasted, glowing, studying Shields, drained, very
quick
A: claws 1, cold resistance 1, negative energy resistance 3, inhibited
regeneration, torment resistance 2, no potion heal 1, hated by all, no ice
magic, no necromancy magic, no alchemy magic, inexperienced 2, devour on kill
}: 2/15 runes: decaying, serpentine
a: Renounce Religion, Draw Out Power, Power Leap, Apocalypse


You were on level 3 of the Abyss.
You worshipped Ru.
Ru was exalted by your worship.
You visited 7 branches of the dungeon, and saw 34 of its levels.
You visited the Abyss 1 time.
You visited 1 bazaar.
You also visited: Bailey.

You collected 3086 gold pieces.
You spent 960 gold pieces at shops.

Inventory:

Missiles
 d - 15 boomerangs (quivered)
 e - a throwing net
 s - 48 poisoned darts
 u - 2 javelins
 B - 11 atropa-tipped darts
 T - 4 curare-tipped darts
 Y - 3 silver javelins
Armour
 c - an orb of light (worn)
 j - a +2 chain mail of willpower
 n - the +8 plate armour of Aza Tirph (worn) {rPois rF+ rN+}
   (You found it on level 10 of the Dungeon)

   rF+:       It protects you from fire.
   rPois:     It protects you from poison.
   rN+:       It protects you from negative energy.
 x - a +1 helmet (worn)
 K - a +2 pair of boots (worn)
 V - a +1 cloak of poison resistance (worn)
Jewellery
 f - a +5 ring of evasion
 l - the ring of Hehior (left claw) {Fly Str+4 Stlth+}
   (You found it on level 3 of the Swamp)

   [ring of flight]

   Str+4:     It affects your strength (+4).
   Fly:       It grants you flight.
   Stlth+:    It makes you more stealthy.
 m - a ring of protection from fire
 y - an amulet of regeneration (around neck)
 E - the ring "Hiaxzu" (right claw) {*Slow rN+ Dex+6 Slay+5}
   (You found it on level 2 of the Snake Pit)

   [ring of dexterity]

   Dex+6:     It affects your dexterity (+6).
   Slay+5:    It affects your accuracy & damage with ranged weapons and melee
   (+5).
   rN+:       It protects you from negative energy.
   *Slow:     It may slow you when you take damage.
 X - a ring of resist corrosion
Wands
 H - a wand of flame (70)
 I - a wand of mindburst (24)
 O - a wand of quicksilver (15)
 R - a wand of polymorph (14)
 U - a wand of digging (13)
Scrolls
 g - 8 scrolls of blinking
 k - 3 scrolls of immolation
 o - a scroll of poison
 p - 12 scrolls of teleportation
 q - 5 scrolls of fog
 C - 3 scrolls of vulnerability
 J - 7 scrolls of enchant armour
 M - 10 scrolls of enchant weapon
 N - 4 scrolls of fear
 S - a scroll of silence
 W - 2 scrolls of revelation
Potions
 a - 3 potions of invisibility
 b - 3 potions of ambrosia
 i - 5 potions of mutation
 r - 3 potions of magic
 t - 3 potions of cancellation
 v - 7 potions of enlightenment
 w - a potion of haste
 z - 5 potions of attraction
 A - 9 potions of curing
 D - 5 potions of might
 G - 6 potions of brilliance
 L - 6 potions of heal wounds
 Q - 2 potions of berserk rage
Miscellaneous
 h - a tin of tremorstones (1/2)
 F - a Gell's gravitambourine (1/2)
 Z - a lightning rod (4/4)


   Skills:
 - Level 17.4 Fighting
 - Level 10.0 Throwing
 + Level 14.4 Armour
 + Level 14.7 Dodging
 - Level 16.8 Unarmed Combat
 - Level 10.0 Translocations
 - Level 11.4 Invocations
 - Level 10.2 Evocations


You had 16 spell levels left.
You knew the following spells:

 Your Spells              Type           Power      Damage    Failure   Level
a - Apportation           Tloc           36%        N/A       4%          1

Your spell library contained the following spells:

 Spells                   Type           Power      Damage    Failure   Level
 Volatile Blastmotes      Fire/Tloc      18%        2d11      71%         3
 Sandblast                Erth           0%         2d4       95%         1
 Dimensional Bullseye     Hex/Tloc       4%         N/A       98%         4
 Vhi's Electric Charge    Tloc/Air       18%        N/A       98%         4
 Scorch                   Fire           0%         2d5       99%         2
 Dazzling Flash           Conj/Hex       0%         N/A       100%        3
 Passwall                 Erth           0%         N/A       100%        3
 Sigil of Binding         Hex            0%         N/A       100%        3
 Stone Arrow              Conj/Erth      0%         3d7       100%        3
 Brom's Barrelling Bould  Conj/Erth      0%         2d3       100%        4
 Flame Wave               Conj/Fire      0%         2d4       100%        4
 Lee's Rapid Deconstruct  Erth           0%         3d4*      100%        5
 Silence                  Hex/Air        0%         N/A       100%        5
 Bombard                  Conj/Erth      0%         9d1       100%        6
 Manifold Assault         Tloc           9%         N/A       100%        7
 Ignition                 Fire           0%         3d3       100%        8
 Chain Lightning          Conj/Air       0%         N/A       100%        9
 Fire Storm               Conj/Fire      0%         5d1       100%        9
 Shatter                  Erth           0%         3d5*      100%        9
 Necrotise                Necr           Unusable   1d4       N/A         1
 Sting                    Conj/Alch      Unusable   1d3       N/A         1
 Summon Small Mammal      Summ           Unusable   N/A       N/A         1
 Ensorcelled Hibernation  Hex/Ice        Unusable   N/A       N/A         2
 Call Canine Familiar     Summ           Unusable   N/A       N/A         3
 Fugue of the Fallen      Necr           Unusable   N/A       N/A         3
 Mephitic Cloud           Conj/Alch/Air  Unusable   N/A       N/A         3
 Ozocubu's Armour         Ice            Unusable   N/A       N/A         3
 Anguish                  Hex/Necr       Unusable   N/A       N/A         4
 Animate Armour           Summ/Erth      Unusable   N/A       N/A         4
 Animate Dead             Necr           Unusable   N/A       N/A         4
 Ignite Poison            Fire/Alch      Unusable   N/A       N/A         4
 Sticky Flame             Fire/Alch      Unusable   2d4       N/A         4
 Summon Lightning Spire   Summ/Air       Unusable   N/A       N/A         4
 Borgnjor's Vile Clutch   Necr/Erth      Unusable   N/A       N/A         5
 Curse of Agony           Necr           Unusable   N/A       N/A         5
 Death Channel            Necr           Unusable   N/A       N/A         6
 Sculpt Simulacrum        Ice/Alch       Unusable   N/A       N/A         6
 Summon Cactus Giant      Summ           Unusable   N/A       N/A         6
 Haunt                    Necr/Summ      Unusable   N/A       N/A         7
 Borgnjor's Revivificati  Necr           Unusable   N/A       N/A         8
 Death's Door             Necr           Unusable   N/A       N/A         9

Dungeon Overview and Level Annotations

Branches:
Dungeon (15/15)            Temple (1/1) D:5            Lair (5/5) D:9
  Swamp (4/4) Lair:3        Snake (4/4) Lair:2        Slime (0/5) Lair:5
    Orc (2/2) D:11            Elf (3/3) Orc:2        Vaults (0/5) D:13
 Depths (0/4) D:15         Bailey (visited)

Altars:
Ashenzari
Cheibriados
Dithmenos
Gozag
Kikubaaqudgha
Makhleb
Nemelex Xobeh
Okawaru
Qazlal
Ru
Sif Muna
Trog
Uskayaw
Vehumet
Wu Jian
Xom

Shops:
D:14 *   Orc:2 [*(:   Snake:4 [

Annotations:
D:4 Edmund
D:8 2 transporters, exclusion: ice statue, Alarak's ghost, novice MDFi
D:11 3 runed translucent doors, exclusion: obsidian statue, Snaaty's ghost, journeyman GrEE
Orc:2 3 runed translucent doors, NotYourErnst's ghost, journeyman GrGl
Elf:2 3 runed translucent doors


Innate Abilities, Weirdness & Mutations

You are immune to poison.
You have sharp fingernails.
Your flesh is cold resistant. (rC+)
You are immune to negative energy. (rN+++)
You do not regenerate when monsters are visible.
You are immune to unholy pain and torment.
Potions are less effective at restoring your health.
You are hated by all.
You cannot study or cast Ice magic.
You cannot study or cast Necromancy magic.
You cannot study or cast Alchemy magic.
You are inexperienced. (-2 XL)
You thrive by killing the living.


Message History

Unknown command.
Unknown command.
Unknown command.
Unknown command.
Unknown command.
Unknown command.
Unknown command.
Unknown command.
Okay, then.
Unknown command.
Unknown command.
As you read the scroll of torment, it crumbles to dust.
You feel a surge of unholy energy.
The holy swine convulses!
The angel convulses!
The holy swine convulses!
The daeva convulses!
The apocalypse crab is engulfed in seething chaos.
You redirect the daeva's attack!
The spatial vortex is engulfed in seething chaos.
A spatial vortex comes into view.
Okay, then.
Unknown command.
Aiming: Gell's Gravitas
Press: ? - help, Dir - move target You rattle the tambourine.
Waves of gravity draw inward.
The spatial vortex is pinned by gravity.
The large abomination is pinned by gravity.
The angel is pinned by gravity.
The daeva is pinned by gravity.
The large abomination is pinned by gravity.
The holy swine is pinned by gravity.
You kill the holy swine!
The holy swine is pinned by gravity.
You kill the holy swine!
The holy swine is pinned by gravity.
You kill the holy swine!
You feel less exhausted.
The spatial vortex is engulfed in seething chaos.
The spatial vortex hits you!!
* * * LOW HITPOINT WARNING * * *
Space warps horribly around you!!
You die...
Ru respects your ultimate sacrifice.

#... ..## ♣..+
#..♣.♣.v#+ ♣.
#...♣....##. .
#♣....A...##..#
♣♣......XX##.#
#####.Av..## §
♣§§♣..A....#
§§§X♣§vv.......#
φ ♣t§v@.......#
#######.#..##
⌠⌠.. .⌠v
#..#....#
.#.##.v##. . #..
... ... ..v


You could see a daeva (bound), an angel (corona, bound), a spatial maelstrom, 3
spatial vortices, 3 large abominations and an apocalypse crab.

Vanquished Creatures
  Vashnia (Snake:3)
  the Lernaean hydra (Swamp:4)
  Nikola (Snake:4)
  Rupert (Lair:5)
  Jorgrun (Elf:2)
  2 tentacled monstrosities (Swamp:3)
  The ghost of Picsou the Tortoise, an adept MiFi of Trog (Snake:2)
  Kirke (D:15)
  Frances (Swamp:2)
  11 nagarajas (Snake:4)
  Donald (Swamp:3)
  Louise (D:14)
  3 deep elf elementalists (Elf:3)
  2 angels (Abyss:3)
  A cacodemon (Abyss:3)
  2 orc warlords (Orc:1)
  A very ugly thing (D:14)
  8 eleionomae
  4 bunyips
  3 deep elf annihilators (Elf:3)
  4 shambling mangroves
  Josephine (Lair:4)
  26 hydras
  Fannar (Orc:1)
  3 vault guards (D:13)
  4 salamander tyrants
  A ghost crab (Swamp:4)
  3 centaur warriors
  A catoblepas (Lair:1)
  14 anacondas
  9 alligators
  9 dancing weapons
  3 boulder beetles
  4 two-headed ogres
  2 hell hogs (Lair:5)
  A sphinx skeleton (D:15)
  10 death yaks
  3 orc high priests
  A vampire mage (D:15)
  17 naga sharpshooters
  3 thrashing horrors (Abyss:3)
  6 shock serpents
  17 naga warriors
  Amaemon (Lair:3)
  Nergalle (Lair:3)
  2 skysharks
  12 deep elf knights
  4 holy swine (Abyss:3)
  A storm dragon skeleton (D:15)
  6 salamander mystics
  2 skeletal warriors (D:15)
  A wretched star (Abyss:3)
  17 deep elf archers
  10 goliath frogs
  2 sixfirhies (Abyss:3)
  2 spriggan druids
  6 naga ritualists
  12 bog bodies
  13 swamp dragons
  A glowing orange brain (Abyss:3)
  11 mana vipers
  2 thermic dynamos (Elf:2)
  A spriggan simulacrum (D:14)
  An orange crystal statue (Elf:1)
  3 arcanists (D:13)
  22 deep elf pyromancers
  2 obsidian bats
  7 ugly things
  7 orc knights
  14 deep elf zephyrmancers
  7 orc sorcerers
  3 manticores
  2 necromancers
  5 will-o-the-wisps
  14 salamanders
  A moth of wrath (Snake:2)
  15 elephants
  4 cyclopes
  2 kobold blastminers (Orc:2)
  An ice statue (D:14)
  A smoke demon (Abyss:3)
  16 guardian serpents
  A rust devil (Abyss:3)
  19 naga magi
  43 black mambas
  3 gargoyles
  An unseen horror (D:13)
  2 molten gargoyles (Lair:5)
  3 orange demons
  13 cane toads
  Maggie (D:6)
  12 rime drakes
  11 komodo dragons
  3 kobold demonologists
  5 yaktaurs (D:11)
  3 freezing wraiths
  8 tyrant leeches
  6 trolls
  3 polar bears
  2 alligator simulacra (D:14)
  24 blink frogs
  Grinder (D:6)
  13 hornets
  A spriggan zombie (D:15)
  Prince Ribbit (D:8)
  4 raiju (Abyss:3)
  15 slime creatures
  12 spriggans
  2 small abominations (Abyss:3)
  2 water elementals
  2 shadows
  4 air elementals
  4 wraiths
  A dire elephant simulacrum (D:14)
  41 yaks
  12 wyverns
  18 humans (D:13)
  11 basilisks
  6 hogs (D:15)
  A neqoxec (Abyss:3)
  A minotaur simulacrum (D:14)
  7 vampire mosquitoes
  3 steam dragons
  5 wargs
  A harpy simulacrum (D:14)
  3 acid dragons
  51 nagas
  2 spatial vortices (Abyss:3)
  13 swamp worms
  3 hell hounds (Lair:5)
  A hydra simulacrum (D:14)
  16 water moccasins
  7 swamp drakes
  34 orc warriors
  3 ice beasts
  A sky beast (D:6)
  2 ettin simulacra (D:14)
  3 black bears
  8 ogres
  22 wolves
  A centaur (D:6)
  2 kobold brigands
  An earth elemental (Elf:2)
  12 bullfrogs
  An entropy weaver simulacrum (D:14)
  A gnoll sergeant (D:11)
  5 scorpions
  9 wights
  11 electric eels
  6 howler monkeys
  4 lava snakes (Lair:5)
  A bombardier beetle (D:4)
  21 orc priests
  6 hounds
  A gnoll bouda (D:7)
  3 sleepcaps
  4 iguanas
  21 orc wizards
  20 hell rats
  A boggart simulacrum (D:15)
  8 adders
  22 gnolls
  15 white imps
  6 ufetubi
  4 ribbon worms
  2 dart slugs
  96 orcs
  3 bats
  7 endoplasms
  5 giant cockroaches
  7 goblins
  4 hobgoblins
  4 jackals (D:3)
  13 kobolds
  2 quokkas (D:5)
  A ball python (D:1)
  7 frilled lizards
  A rat (D:2)
1262 creatures vanquished.

Vanquished Creatures (others)
  Mara (Snake:4)
  A nagaraja (Snake:4)
  Aizul (Snake:4)
  A hydra (Swamp:4)
  An anaconda (Snake:2)
  A death yak (Lair:5)
  2 naga warriors
  A shock serpent (Snake:4)
  A spriggan druid (Swamp:3)
  A skyshark (Lair:4)
  A lindwurm (Lair:5)
  A deep elf zephyrmancer (Elf:2)
  A naga mage (Snake:2)
  A guardian serpent (D:15)
  A black mamba (Snake:4)
  A cane toad (Lair:2)
  A bloated husk (Swamp:2)
  A wyvern (D:9)
  2 swamp worms
  A swamp drake (Swamp:4)
  2 orc warriors
  A bullfrog (shapeshifter) (Elf:2)
  A gnoll (D:11)
  A white imp (D:11)
  4 orcs
  11 foxfires
42 creatures vanquished.

Grand Total: 1304 creatures vanquished

Notes
Turn   | Place    | Note
-------+----------+-------------------------------------------
     0 | D:1      | PaleRider the Ghoul Monk began the quest for the Orb.
     0 | D:1      | Reached XP level 1. HP: 19/19 MP: 1/1
   192 | D:1      | Reached XP level 2. HP: 25/26 MP: 2/2
   792 | D:2      | Reached XP level 3. HP: 31/31 MP: 3/3
   805 | D:2      | Found a faded altar of an unknown god.
  1122 | D:2      | You fall into a shaft and drop 2 floors!
  1191 | D:4      | Reached skill level 5 in Unarmed Combat
  1383 | D:2      | Reached XP level 4. HP: 30/38 MP: 4/4
  2258 | D:3      | Reached XP level 5. HP: 13/45 MP: 5/5
  2644 | D:4      | Found a hide-covered altar of Uskayaw.
  2664 | D:4      | Noticed an ice beast
  2675 | D:4      | Killed an ice beast
  2676 | D:4      | Reached XP level 6. HP: 33/51 MP: 6/6
  2796 | D:4      | Noticed a black bear
  2825 | D:4      | Killed a black bear
  2867 | D:4      | Reached skill level 4 in Fighting
  3131 | D:4      | Noticed a black bear
  3157 | D:4      | Killed a black bear
  3158 | D:4      | Reached XP level 7. HP: 46/60 MP: 7/7
  3279 | D:4      | Noticed Edmund
  3628 | D:5      | Entered Level 5 of the Dungeon
  3674 | D:5      | Reached skill level 5 in Fighting
  3867 | D:5      | Reached XP level 8. HP: 70/70 MP: 8/8
  4012 | D:5      | Found a staircase to the Ecumenical Temple.
  4021 | D:5      | Reached skill level 6 in Fighting
  4027 | Temple   | Entered the Ecumenical Temple
  4246 | D:5      | Found a blossoming altar of Fedhas.
  4599 | D:6      | Found an ancient bone altar of Kikubaaqudgha.
  4600 | D:6      | Noticed Maggie
  4913 | D:6      | Reached skill level 10 in Unarmed Combat
  4939 | D:6      | Reached skill level 1 in Armour
  4943 | D:6      | Noticed Grinder
  4971 | D:6      | Paralysed by Grinder for 2 turns
  4974 | D:6      | Killed Grinder
  5152 | D:6      | Found a sparkling altar of Nemelex Xobeh.
  5213 | D:6      | Killed Maggie
  5214 | D:6      | Reached skill level 5 in Armour
  5214 | D:6      | Reached XP level 9. HP: 53/78 MP: 9/9
  5306 | D:6      | Reached skill level 7 in Fighting
  5328 | D:6      | Found a broken altar of Ashenzari.
  5332 | D:6      | Saw a vision of the Swamp and the Snake Pit.
  5332 | D:6      | Noticed a goliath frog
  5332 | D:6      | Noticed a thorn hunter
  5332 | D:6      | Noticed a black mamba
  5332 | D:6      | Noticed a naga ritualist
  5332 | D:6      | Noticed a naga ritualist
  5332 | D:6      | Noticed a black mamba
  5332 | D:6      | Noticed an anaconda
  5332 | D:6      | Noticed a guardian serpent
  5332 | D:6      | Noticed a nagaraja
  5483 | D:6      | Reached skill level 1 in Throwing
  5569 | D:6      | Found an iron altar of Okawaru.
  5904 | D:7      | Found a shadowy altar of Dithmenos.
  6096 | D:7      | Found a hazy altar of Hepliaklqana.
  6287 | D:7      | Reached skill level 8 in Fighting
  6443 | D:8      | Noticed Alarak's ghost (novice MDFi)
  6462 | D:8      | Noticed an ice statue
  6471 | D:8      | Found a transporter.
  6474 | D:8      | Found a transporter.
  6704 | D:8      | Found an opulent altar of Gozag.
  6706 | D:8      | Noticed a troll
  6717 | D:8      | Killed a troll
  6886 | D:8      | Noticed Prince Ribbit
  6955 | D:8      | Killed Prince Ribbit
  6956 | D:8      | Reached skill level 9 in Fighting
  6956 | D:8      | Reached XP level 10. HP: 64/91 MP: 10/10
  7184 | D:8      | Reached skill level 5 in Throwing
  7465 | D:8      | Found a sacrificial altar of Ru.
  7488 | D:8      | Became a worshipper of Ru the Awakened
  7494 | D:8      | Gained mutation: You are somewhat inexperienced. (-1 XL)
                  | [Ru sacrifice]
  7494 | D:8      | Reached XP level 9. HP: 84/84 MP: 9/9
  7494 | D:8      | Reached * piety under Ru
  7500 | D:8      | Found a basalt altar of Yredelemnul.
  7501 | D:8      | Found a stormy altar of Qazlal.
  7610 | D:9      | Found a radiant altar of Vehumet.
  7868 | D:9      | Reached skill level 10 in Fighting
  8104 | D:9      | Found a staircase to the Lair.
  8473 | D:10     | Entered Level 10 of the Dungeon
  8528 | D:10     | Found a flagged portal.
  8537 | Bailey   | Entered a bailey
  8817 | Bailey   | Noticed an orc knight
  8930 | Bailey   | Killed an orc knight
  8931 | Bailey   | Reached skill level 5 in Dodging
  9011 | Bailey   | Noticed an orc knight
  9059 | Bailey   | Killed an orc knight
  9060 | Bailey   | Reached skill level 1 in Evocations
  9502 | D:10     | Noticed a two-headed ogre
  9507 | D:10     | Killed a two-headed ogre
  9508 | D:10     | Reached XP level 10. HP: 93/93 MP: 10/10
  9508 | D:10     | Noticed a two-headed ogre
  9516 | D:10     | Killed a two-headed ogre
  9752 | D:10     | Identified the +8 plate armour of Aza Tirph {rPois rF+ rN+}
 10097 | Lair:1   | Entered Level 1 of the Lair of Beasts
 10136 | Lair:1   | Gained mutation: You are hated by all. [Ru sacrifice]
 10136 | Lair:1   | Reached ** piety under Ru
 10136 | Lair:1   | Reached *** piety under Ru
 10237 | Lair:1   | Reached skill level 5 in Evocations
 10545 | Lair:1   | Noticed a catoblepas
 10805 | Lair:1   | Killed a catoblepas
 10847 | Lair:1   | Reached skill level 10 in Throwing
 10847 | Lair:1   | Reached skill level 1 in Invocations
 10847 | Lair:1   | Reached XP level 11. HP: 27/99 MP: 10/12
 11835 | Lair:2   | Noticed a four-headed hydra
 11846 | Lair:2   | Reached skill level 5 in Invocations
 11848 | Lair:2   | Killed a four-headed hydra
 12761 | Lair:2   | Found a staircase to the Snake Pit.
 12951 | Lair:3   | Noticed a seven-headed hydra
 12980 | Lair:2   | Killed a seven-headed hydra
 13087 | Lair:3   | Noticed a five-headed hydra
 13100 | Lair:3   | Killed a five-headed hydra
 13491 | Lair:3   | Noticed Amaemon
 13626 | Lair:3   | Noticed a skyshark
 13664 | Lair:3   | Reached XP level 12. HP: 106/106 MP: 16/16
 13812 | Lair:3   | Killed Amaemon
 14019 | Lair:3   | Reached skill level 10 in Dodging
 14069 | Lair:3   | Noticed Nergalle
 14103 | Lair:3   | Killed Nergalle
 14771 | Lair:3   | Found a staircase to the Swamp.
 15278 | Lair:4   | Noticed Josephine
 15298 | Lair:4   | Killed Josephine
 16260 | Lair:4   | Reached skill level 10 in Armour
 16391 | Lair:4   | Reached XP level 13. HP: 102/113 MP: 17/17
 16654 | Lair:5   | Entered Level 5 of the Lair of Beasts
 16654 | Lair:5   | Found a staircase to the Slime Pits.
 16969 | Lair:5   | Reached skill level 1 in Translocations
 17432 | Lair:4   | Reached skill level 5 in Translocations
 18191 | Lair:5   | Noticed Rupert
 18782 | Lair:5   | Found a large runed translucent door.
 18797 | Lair:5   | Found a large runed translucent door.
 19321 | Lair:5   | Identified the +8 dagger of the Piercing Wasp {flame,
                  | Dex+2}
 19400 | Lair:5   | Paralysed by Rupert for 3 turns
 19415 | Lair:5   | Killed Rupert
 20128 | D:11     | Reached XP level 14. HP: 98/121 MP: 20/20
 20135 | D:11     | Found a staircase to the Orcish Mines.
 20206 | D:11     | Found a runed translucent gate.
 20207 | D:11     | Found a runed translucent gate.
 20207 | D:11     | Found an opulent altar of Gozag.
 20209 | D:11     | Found a runed translucent gate.
 20823 | D:11     | Noticed Snaaty's ghost (journeyman GrEE)
 21075 | Orc:1    | Entered Level 1 of the Orcish Mines
 21232 | Orc:1    | Noticed Fannar
 21253 | Orc:1    | Killed Fannar
 21453 | Orc:2    | Entered Level 2 of the Orcish Mines
 21453 | Orc:2    | Found a radiant altar of Vehumet.
 21461 | Orc:2    | Paralysed by an orc sorcerer for 2 turns
 21663 | Orc:2    | Noticed an orc warlord
 21676 | Orc:1    | Killed an orc warlord
 21999 | Orc:2    | Noticed an orc warlord
 22232 | Orc:1    | Killed an orc warlord
 23942 | Orc:2    | Found Veriuzud's Book Shoppe.
 23957 | Orc:2    | Found Eruacer's Antique Armour Shoppe.
 24019 | Orc:2    | Found Barimaug's General Store.
 24034 | Orc:2    | Found Ziara's Antique Weapon Shoppe.
 24235 | Orc:2    | Found a staircase to the Elven Halls.
 24246 | Orc:2    | Gained mutation: Potions are less effective at restoring
                  | your health. [Ru sacrifice]
 24246 | Orc:2    | Reached **** piety under Ru
 24773 | Orc:2    | Found a runed translucent gate.
 24781 | Orc:2    | Found a runed translucent gate.
 24781 | Orc:2    | Found a runed translucent gate.
 24781 | Orc:2    | Noticed NotYourErnst's ghost (journeyman GrGl)
 24910 | D:12     | Learned a level 1 spell: Apportation
 26882 | D:13     | Gained mutation: You are inexperienced. (-2 XL) [Ru
                  | sacrifice]
 26882 | D:13     | Reached XP level 13. HP: 113/113 MP: 20/20
 26882 | D:13     | Reached ***** piety under Ru
 27027 | D:13     | Reached skill level 10 in Invocations
 27183 | D:13     | Found a gate to the Vaults.
 27239 | D:13     | Reached skill level 15 in Unarmed Combat
 27243 | D:13     | Reached XP level 14. HP: 39/121 MP: 21/21
 28655 | D:14     | Found Jenwudam's Assorted Antiques.
 28960 | D:14     | Reached skill level 10 in Evocations
 29164 | D:15     | Entered Level 15 of the Dungeon
 29342 | D:15     | Noticed Kirke
 29362 | D:15     | Killed Kirke
 29582 | D:15     | Gained mutation: You cannot study or cast Ice magic. [Ru
                  | sacrifice]
 29582 | D:15     | Gained mutation: You cannot study or cast Alchemy magic.
                  | [Ru sacrifice]
 29582 | D:15     | Gained mutation: You cannot study or cast Necromancy magic.
                  | [Ru sacrifice]
 29582 | D:15     | Reached ****** piety under Ru
 30071 | D:15     | Found a staircase to the Depths.
 30301 | D:15     | Reached skill level 11 in Fighting
 31056 | D:14     | Noticed Louise
 31084 | D:14     | Killed Louise
 31860 | D:14     | Identified the staff "Syk Riej" {rPois rF+ MP+9 Dex-3 Fire
                  | Air}
 32087 | Snake:1  | Entered Level 1 of the Snake Pit
 32093 | Snake:1  | Reached skill level 12 in Fighting
 32497 | Snake:1  | Found a shimmering altar of Xom.
 32530 | Snake:1  | Reached skill level 13 in Fighting
 33512 | Snake:1  | Reached skill level 14 in Fighting
 33638 | Snake:1  | Reached XP level 15. HP: 137/138 MP: 23/23
 34219 | Snake:2  | Found a transporter.
 34232 | Snake:2  | Noticed Picsou's ghost (adept MiFi)
 34614 | Snake:2  | Found a transporter.
 34637 | Snake:2  | Reached skill level 15 in Fighting
 36654 | Snake:3  | Noticed Vashnia
 36664 | Snake:3  | Killed Vashnia
 37845 | Snake:4  | Entered Level 4 of the Snake Pit
 38097 | Snake:4  | Noticed Mara
 38103 | Snake:4  | Noticed PaleRider's illusion
 38331 | Snake:4  | Noticed PaleRider's illusion
 38557 | Snake:4  | Noticed PaleRider's illusion
 38563 | Snake:4  | Killed Mara
 38564 | Snake:4  | Reached skill level 10 in Translocations
 39573 | Snake:4  | Reached XP level 16. HP: 151/151 MP: 24/24
 39640 | Snake:4  | Found Hippuiv's Armour Shoppe.
 39821 | Snake:4  | Reached skill level 16 in Fighting
 39931 | Snake:4  | Identified the serpent talisman "Qenaok" {rElec rN+ rCorr}
 39931 | Snake:4  | Noticed Aizul
 39960 | Snake:4  | Killed Aizul
 40880 | Snake:4  | Noticed Nikola
 41149 | Snake:4  | Killed Nikola
 41493 | Snake:4  | Found a burning altar of Makhleb.
 41761 | Snake:4  | Got a serpentine rune of Zot
 42163 | Snake:4  | Reached skill level 17 in Fighting
 43294 | Snake:2  | Killed Picsou's ghost
 43354 | Snake:2  | Identified the ring "Hiaxzu" {*Slow rN+ Dex+6 Slay+5}
 43740 | Swamp:1  | Entered Level 1 of the Swamp
 45141 | Swamp:2  | Identified the +6 spear of Perversion {freeze, Int+5}
 45315 | Swamp:2  | Reached XP level 17. HP: 116/162 MP: 25/25
 45515 | Swamp:2  | Noticed Frances
 45804 | Swamp:2  | Killed Frances
 46925 | Swamp:3  | Noticed Donald
 46940 | Swamp:3  | Killed Donald
 47744 | Swamp:3  | Noticed a tentacled monstrosity
 47751 | Swamp:3  | Noticed a tentacled monstrosity
 47761 | Swamp:3  | Killed a tentacled monstrosity
 47765 | Swamp:3  | Killed a tentacled monstrosity
 48138 | Swamp:3  | Identified the ring of Hehior {Fly Str+4 Stlth+}
 48387 | Swamp:4  | Entered Level 4 of the Swamp
 48904 | Swamp:4  | Noticed the 27-headed Lernaean hydra
 49582 | Swamp:4  | Killed the 27-headed Lernaean hydra
 49683 | Swamp:4  | Got a decaying rune of Zot
 49907 | Swamp:4  | Identified the +0 orcbow of the Beast {drain, rElec}
 50258 | Elf:1    | Entered Level 1 of the Elven Halls
 50384 | Elf:1    | Found a flickering gateway to a bazaar.
 50400 | Bazaar   | Entered a bazaar
 50400 | Bazaar   | Found Niczecw's Armour Emporium.
 50432 | Bazaar   | Found Nomatiu's Book Shop.
 50442 | Bazaar   | Found Ekkiokky's Antique Weapon Boutique.
 50449 | Bazaar   | Found Yger's Assorted Antiques.
 50491 | Bazaar   | Found Yxzihun's Antique Armour Shoppe.
 50552 | Bazaar   | Bought a manual of Shields for 960 gold pieces
 50685 | Elf:1    | Paralysed by an air elemental for 1 turns
 50689 | Elf:1    | Paralysed by an air elemental for 1 turns
 50889 | Elf:1    | Reached XP level 18. HP: 144/154 MP: 26/26
 50901 | Elf:1    | Paralysed by an air elemental for 1 turns
 51662 | Elf:2    | Noticed Jorgrun
 51813 | Elf:2    | Killed Jorgrun
 51937 | Elf:2    | Paralysed by an air elemental for 1 turns
 51942 | Elf:2    | Paralysed by an air elemental for 1 turns
 52013 | Elf:2    | Found a runed translucent gate.
 52014 | Elf:2    | Found a runed translucent gate.
 52014 | Elf:2    | Found a runed translucent gate.
 52212 | Elf:3    | Entered Level 3 of the Elven Halls
 52255 | Elf:3    | Paralysed by an air elemental for 1 turns
 52259 | Elf:3    | Paralysed by an air elemental for 1 turns
 52308 | Elf:3    | Found an ancient bone altar of Kikubaaqudgha.
 52749 | Elf:3    | Identified the +1 broad axe of Desperation {heavy, Will++
                  | Int+2}
 53400 | Abyss:3  | Cast into level 3 of the Abyss (a deep elf demonologist)
 53831 | Abyss:3  | Mangled by a spatial vortex

Illustrated notes

Levels and vault maps discovered:
D:1:      evilmike_arrival_rings, layout_loops_ring, chequers_decorated_corner
D:2:      layout_loops_ring, basic_ecumenical_altar
D:3:      layout_loops_ring, minmay_close_crescents
D:4:      layout_basic, eat_drink_and_be_merry_uskayaw, uniq_edmund
D:5:      layout_loops_corners, fedhas_altar_fruit_tree, temple_statues,
          kennysheep_generic_room_2
D:6:      layout_loops_ring, grunt_ashenzari_visionary
          [grunt_ashenzari_visionary_swamp, grunt_ashenzari_visionary_snake],
          nemelex_dance_club_becter, mainiacjoe_overflow_boulevard,
          mainiacjoe_overflow_small_starburst, uniq_maggie, uniq_grinder
D:7:      layout_cave_pools, mainiacjoe_overflow_24_doors,
          nicolae_hepliaklqana_hazy_memory
D:8:      layout_basic, grunt_gozag_statues, tso_altar, minitemple,
          nzn_ghost_randoct, nicolae_letterblocks [nicolae_letter_subblock,
          nicolae_letter_subblock, nicolae_letter_subblock,
          nicolae_letter_subblock, nicolae_letter_subblock,
          nicolae_letter_subblock, nicolae_letter_subblock,
          nicolae_letter_subblock, nicolae_letter_subblock,
          nicolae_letter_subblock, nicolae_letter_subblock,
          nicolae_letter_subblock, nicolae_letter_subblock,
          nicolae_letter_subblock, nicolae_letter_subblock,
          nicolae_letter_subblock, nicolae_letter_subblock,
          nicolae_letter_subblock, nicolae_letter_subblock,
          nicolae_letter_subblock, nicolae_letter_subblock,
          nicolae_letter_subblock, nicolae_letter_subblock,
          nicolae_letter_subblock, nicolae_letter_subblock], uniq_prince_ribbit1
D:9:      layout_loops_ring, vehumet_altar_wand_db, dpeg_oklobed_lair
D:10:     layout_roguey, elyvilon_altar_3, enter_bailey_2
D:11:     fort_yaktaur, layout_rooms, david_orc_3, ebering_ghost_gozag,
          portal_ice_cave_entry_imps
D:12:     layout_roguey
D:13:     layout_basic, grunt_vaults_entry_tiered
D:14:     dreamdust_isle_of_ice, layout_irregular_city, serial_shops, shop,
          minmay_door_square, uniq_louise
D:15:     gammafunk_depths_entry_grave, layout_loops_ring, chequers_avenue,
          nrook_guardian_serpent_ordinary, uniq_kirke
Temple:   nicolae_temple_little_seven
Lair:1:   layout_cave_pods, serial_bayou_shore_a, infiniplex_staircase_pool,
          grunt_megastairs_4, serial_bayou_shore_b
Lair:2:   layout_long_grid, nicolae_snake_entry_squirm,
          chequers_serial_rivers_large_a, st_stairs_6, serial_bayou_shore_b,
          lemuel_fruit_tree, serial_bayou_shore_b
Lair:3:   layout_concentric_octagons, nicolae_swamp_entry_splash_gauntlet,
          roderic_carrion_pond, grunt_megastairs_1, uniq_nergalle, uniq_amaemon
Lair:4:   layout_roguey [special_room_mythical_zoo], serial_bayou_lake_a,
          uniq_josephine
Lair:5:   cheibrodos_lair_end_hotspot, layout_misc_corridors, slime_entry_1,
          st_stairs_13, uniq_rupert
Swamp:1:  layout_basic_swamp, nicolae_swamp_oxbows, swamp_pool_4,
          st_swamp_ruins_2
Swamp:2:  tekkud_swamp_unearthing_site, layout_basic_swamp,
          evilmike_swamp_ruin_house_5, serial_swamp_ruin,
          evilmike_swamp_ruin_rubble_2, evilmike_swamp_ruin_house_2,
          hangedman_swamp_ruin_hall, uniq_frances
Swamp:3:  nzn_winding_woodlands_small [nzn_winding_woodlands_5x15_longhouse,
          nzn_winding_woodlands_center_diamonds,
          nzn_winding_woodlands_5x15_jagged], layout_basic_swamp,
          evilmike_swamp_ruin_house_3, uniq_donald
Swamp:4:  grunt_swamp_rune_castle, layout_basic_swamp,
          nicolae_swamp_decorative_isthmus
Snake:1:  layout_misc_corridors, basic_altar
Snake:2:  layout_onion_interference, gammafunk_ghost_berserking_beasts,
          nicolae_snake_omega, grunt_megastairs_2
Snake:3:  layout_cave_town, uniq_vashnia
Snake:4:  grunt_snake_rune_spirals, layout_onion_interference, basic_altar,
          serial_shops, nicolae_shop_tiny_statue_garden, serial_bayou_shore_b,
          serial_bayou_shore_b, uniq_aizul, uniq_mara, uniq_nikola
Orc:1:    layout_diamond_mine, uniq_fannar, uniq_erolcha
Orc:2:    grunt_orc_cross, layout_caves, ebering_ghost_rock_garden, basic_altar,
          minmay_orc_temple_c
Elf:1:    eino_elf_arrival_the_gate, layout_onion_city, serial_shops, statue_bzr
Elf:2:    elven_hall_of_blades_hangedman_original [nicolae_blade_tridents],
          layout_rooms, uniq_jorgrun
Elf:3:    grunt_elf_hall_diamonds, layout_geoelf_grid, basic_altar
Abyss:3:  base: Snake:1, hangedman_decor_peaks_small,
          grunt_abyss_exit_deep_breaths, skrybe_abyss_rune_heretic_angels

Skill      XL: |  1  2  3  4  5  6  7  8  9 10 11 12 13 14 15 16 17 18 |
---------------+-------------------------------------------------------+-----
Unarmed Combat | 4 5 6 7 8 9 10 15 14 16 | 16.8
Fighting       | 4 5 6 10 14 15 17 | 17.4
Armour         | 5 6 10 13 14 | 14.4
Throwing       | 7 10 | 10.0
Dodging        | 5 8 10 11 13 14 | 14.7
Evocations     | 3 6 7 10 | 10.2
Invocations    | 1 6 10 11 | 11.4
Translocations | 5 10 | 10.0

Action                     |  1- 3 |  4- 6 |  7- 9 | 10-12 | 13-15 | 16-18 || total
---------------------------+-------+-------+-------+-------+-------+-------++-------
  Melee: Unarmed           |    75 |   103 |   395 |  1050 |  2373 |  1364 ||  5360
  Throw: Boomerang         |     1 |       |    35 |    38 |   239 |   121 ||   434
         Dart              |       |     4 |     9 |       |    16 |       ||    29
         Javelin           |       |     2 |       |     9 |    14 |     2 ||    27
         Stone             |       |     1 |       |       |       |       ||     1
         Throwing net      |       |       |       |       |       |     1 ||     1
   Cast: Apportation       |       |       |       |       |     3 |       ||     3
 Invoke: Sacrifice Experie |       |       |     1 |       |     1 |       ||     2
         Draw Out Power    |       |       |       |     2 |     6 |       ||     8
         Sacrifice Love    |       |       |       |     1 |       |       ||     1
         Reject Sacrifices |       |       |       |     1 |     1 |       ||     2
         Power Leap        |       |       |       |       |     5 |       ||     5
         Apocalypse        |       |       |       |       |     3 |     5 ||     8
         Sacrifice Purity  |       |       |       |       |     1 |       ||     1
         Sacrifice Arcana  |       |       |       |       |     1 |       ||     1
  Evoke: Wand              |       |       |     2 |    18 |    13 |       ||    33
         Gell's gravitambo |       |       |       |       |     1 |     1 ||     2
         Tin of tremorston |       |       |       |       |       |     1 ||     1
    Use: Scroll            |       |     5 |    10 |     3 |    14 |     7 ||    39
         Potion            |       |       |     3 |     1 |     1 |     8 ||    13
   Stab: Petrified         |       |       |       |     7 |       |       ||     7
         Distracted        |       |       |       |     1 |    10 |     7 ||    18
         Invisible         |       |       |       |     1 |    19 |    22 ||    42
         Paralysed         |       |       |       |       |     7 |    23 ||    30
 Armour: Robe              |    36 |    42 |    87 |       |       |       ||   165
         Plate armour      |       |       |    49 |   787 |   901 |  1235 ||  2972
         Chain mail        |       |       |    45 |    23 |   918 |    99 ||  1085
         Skin              |       |       |       |     3 |       |     2 ||     5
  Dodge: Dodged            |    48 |    60 |   240 |   589 |  1247 |   567 ||  2751

Table legend: (Time is in decaauts)
 A = Elapsed time spent in this place.
 B = Non-inter-level travel time spent in this place.
 C = Inter-level travel time spent in this place.
 D = Time resting spent in this place.
 E = Time spent auto-exploring this place.
 F = Levels seen in this place.
 G = Mean time per level.
                   A        B        C        D        E       F      G
               +--------+--------+--------+--------+--------+-----+--------+
         Total |  52740 |  50286 |   2454 |  15234 |  23073 |  37 | 1425.4 |
       Dungeon |  17354 |  16564 |    790 |   3487 |   9487 |  15 | 1156.9 |
        Temple |      1 |      1 |      0 |      0 |      0 |   1 |    1.0 |
          Lair |  10202 |   9296 |    906 |   1951 |   4907 |   5 | 2040.4 |
         Swamp |   6199 |   6016 |    183 |   2429 |   2295 |   4 | 1549.8 |
     Snake Pit |  10907 |  10500 |    407 |   4349 |   3679 |   4 | 2726.8 |
  Orcish Mines |   3770 |   3646 |    124 |   1871 |   1010 |   2 | 1885.0 |
   Elven Halls |   2883 |   2840 |     43 |    672 |   1354 |   3 |  961.0 |
         Abyss |    409 |    409 |      0 |    147 |     71 |   1 |  409.0 |
        Bazaar |    175 |    175 |      0 |     29 |     48 |   1 |  175.0 |
        Bailey |    837 |    837 |      0 |    296 |    221 |   1 |  837.0 |
               +--------+--------+--------+--------+--------+-----+--------+

Top non-repeatable levels by time:
 Snake:4: 4206 daAuts
 Snake:2: 2826 daAuts
  Lair:5: 2739 daAuts
    D:14: 2572 daAuts
 Swamp:3: 2417 daAuts
 Snake:3: 2169 daAuts
  Lair:4: 2101 daAuts
  Lair:2: 1988 daAuts
   Orc:2: 1889 daAuts
   Orc:1: 1881 daAuts
  Lair:3: 1808 daAuts
 Snake:1: 1705 daAuts
    D:12: 1608 daAuts
  Lair:1: 1563 daAuts
 Swamp:1: 1491 daAuts
